Map: Magannatha LE

Players

zane - Winner!

  • Race: Terran Terran
  • League: Master
  • Spawn Location: 11:00

Sindyr

  • Race: Zerg Zerg
  • League: Master
  • Spawn Location: 5:00

VOD

Have the link to the VOD?

Description

Time

  • Played on: Oct. 25, 2025, 8:18 a.m.
  • Length: 6:21
Show
View Real Time Build Order
Export as new Build Order

zane Terran - Winner!

Build Orders:  

Get SALT Encoding   

  12  0:00  SCV  
  13  0:12  SCV  
  14  0:19  Supply Depot  
  14  0:24  SCV  
  15  0:40  SCV  
  16  0:43  Barracks  
  16  0:46  Refinery  
  16  0:53  SCV  
  17  1:05  SCV  
  18  1:17  SCV  
  19  1:30  Barracks Reactor  
  19  1:31  Orbital Command  
  19  1:42  Command Center  
  19  1:52  Supply Depot  
  19  2:02  SCV  
  19  2:06  Marine  
  19  2:07  Marine  
  22  2:14  SCV  
  23  2:18  Bunker  
  23  2:23  Barracks  
  23  2:24  Marine  
  23  2:25  Marine  
  23  2:28  SCV  
  26  2:40  SCV  
  26  2:43  Barracks  
  27  2:50  Supply Depot  
  27  2:57  Orbital Command  
  27  2:58  SCV  
  28  3:04  Marine x2  
  30  3:10  SCV  
  31  3:13  Supply Depot  
  31  3:22  Marine x2, SCV  
  31  3:23  Barracks Tech Lab  
  34  3:31  Barracks Tech Lab  
  34  3:34  SCV  
  34  3:35  SCV  
  34  3:39  Marine x2  
  38  3:41  Supply Depot  
  38  3:46  Stimpack, SCV  
  38  3:47  SCV  
  40  3:50  Combat Shield  
  40  3:52  Marine x2  
  42  3:58  SCV  
  42  3:59  SCV  
  44  4:04  Supply Depot  
  44  4:09  Marine  
  44  4:10  Marine, Marauder x2  
  44  4:11  SCV  
  44  4:13  SCV  
  52  4:23  SCV  
  53  4:25  SCV  
  53  4:27  Marine x2  
  53  4:30  Supply Depot  
  56  4:32  Marauder x2  
  56  4:35  SCV  
  56  4:37  SCV  
  62  4:45  Marine x2  
  62  4:48  SCV  
  62  4:49  SCV  
  66  4:53  Supply Depot, Marauder x2  
  70  5:00  SCV  
  70  5:01  SCV  
  72  5:08  Refinery  
  72  5:10  Refinery  
  72  5:12  Engineering Bay  
  72  5:15  Refinery  
  72  5:17  Supply Depot  
  72  5:31  Factory  
  72  5:37  Marine x4  
  72  5:40  Supply Depot  
  71  5:55  Marine x2  
  71  5:56  Marauder  
  72  6:08  SCV x2  
Show
View Real Time Build Order
Export as new Build Order

Sindyr Zerg 

Build Orders: Pool First 

Get SALT Encoding   

  12  0:09  Drone  
  13  0:19  Drone  
  14  0:24  Extractor  
  14  0:25  Drone  
  14  0:35  Extractor  
  13  0:37  Drone  
  16  0:43  Overlord  
  16  0:44  Overlord  
  16  1:06  Spawning Pool  
  16  1:08  Drone  
  16  1:09  Drone  
  17  1:20  Hatchery  
  16  1:30  Drone  
  16  1:32  Extractor  
  16  1:45  Drone  
  17  2:06  Drone  
  17  2:07  Drone x2  
  20  2:33  Queen  
  20  2:35  Extractor  
  21  2:37  Queen  
  21  2:40  Drone  
  21  2:41  Drone x3  
  27  2:44  Overlord  
  27  2:51  Metabolic Boost  
  27  3:01  Drone  
  27  3:02  Drone  
  29  3:13  Lair  
  29  3:19  Drone  
  30  3:20  Drone x3  
  33  3:27  Evolution Chamber  
  33  3:29  Drone  
  33  3:30  Roach Warren  
  33  3:32  Drone  
  33  3:37  Drone  
  34  3:57  Zerg Missile Weapons Level 1  
  34  4:04  Queen  
  36  4:10  Glial Reconstitution  
  36  4:18  Hatchery  
  36  4:20  Drone x4  
  36  4:21  Drone x5  
  44  4:24  Overlord  
  44  4:29  Overlord  
  44  4:42  Extractor  
  44  4:45  Extractor  
  42  5:24  Zergling x2  
  42  5:25  Zergling x20, Roach x3  
  59  5:34  Overlord x3  
  59  5:49  Roach x3  
Tags
 
Matchup
TvZ
Opening
Pool First
Replay Pack
Multiplayer
Spawn Locations
Cross Positions
Add a new tag
Caveats
  • Supply blocks, unpowered buildings, or Contaminate may cause inaccurate times.
  • Supply counts are checked every 10 seconds.